 Dungeon Crawl Stone Soup version 0.16-a0-3807-g3748f16 (webtiles) character file.

155 Ololoev the Magician (level 5, -3/35 HPs)
             Began as a Mummy Wizard on Jan 27, 2015.
             Slain by a worker ant (7 damage)
             ... on level 3 of the Dungeon.
             The game lasted 00:13:39 (4383 turns).

Ololoev the Magician (Mummy Wizard)                 Turns: 4383, Time: 00:13:39

Health: -3/35      AC:  7    Str: 10    XL:     5   Next: 14%
Magic:  0/13       EV: 11    Int: 18    God:
Gold:   197        SH:  0    Dex: 10    Spells: 5 memorised, 1 level left

rFire  x . .     SeeInvis .     (no weapon)
rCold  + . .     Clarity  .     h - +2 leather armour {MR+}
rNeg   + + +     SustAb   .     (no shield)
rPois  ∞         Gourm    .     i - +0 helmet
rElec  .         Spirit   .     d - +0 cloak
rCorr  .         Warding  .     (no gloves)
rMut   .         Stasis   .     (no boots)
MR     +....                    (no amulet)
Stlth  +.........               (no ring)
                                (no ring)

@: very slightly contaminated, repel missiles, somewhat resistant to hostile
enchantments, very unstealthy
A: no food or potions, fire vulnerability, restore body, cold resistance 1,
negative energy resistance 3, poison resistance, torment resistance, unbreathing
a: no special abilities


You were on level 3 of the Dungeon.
You were not hungry.

You visited 1 branch of the dungeon, and saw 4 of its levels.

You collected 197 gold pieces.

Notes
Turn   | Place    | Note
--------------------------------------------------------------
     0 | D:1      | Ololoev, the Mummy Wizard, began the quest for the Orb.
     0 | D:1      | Reached XP level 1. HP: 13/13 MP: 4/4
    72 | D:1      | Reached skill level 1 in Conjurations
   295 | D:1      | Reached XP level 2. HP: 19/19 MP: 3/6
   318 | D:1      | Learned a level 2 spell: Call Imp
   912 | D:2      | Found a shimmering altar of Xom.
   913 | D:2      | Found a shimmering altar of Xom.
   913 | D:2      | Found a shimmering altar of Xom.
   914 | D:2      | Found a shimmering altar of Xom.
   915 | D:2      | Found a shimmering altar of Xom.
  1373 | D:2      | Found an opulent altar of Gozag.
  1417 | D:2      | Reached XP level 3. HP: 24/24 MP: 1/8
  1561 | D:2      | Noticed Robin
  1624 | D:1      | Reached skill level 1 in Armour
  1795 | D:1      | Learned a level 3 spell: Conjure Flame
  1799 | D:1      | Learned a level 3 spell: Mephitic Cloud
  1893 | D:2      | Killed Robin
  2488 | D:2      | Reached skill level 1 in Summonings
  2920 | D:3      | Reached XP level 4. HP: 30/30 MP: 8/10
  3248 | D:3      | Noticed Natasha
  3295 | D:3      | Killed Natasha
  3295 | D:3      | Reached skill level 4 in Spellcasting
  3419 | D:3      | Learned a level 2 spell: Repel Missiles
  3523 | D:3      | Reached skill level 1 in Fire Magic
  3822 | D:3      | Noticed Natasha
  3829 | D:3      | Noticed a centaur
  3850 | D:3      | Reached XP level 5. HP: 33/35 MP: 0/13
  3983 | D:3      | Killed Natasha
  4108 | D:3      | Noticed Natasha
  4113 | D:3      | Killed Natasha
  4314 | D:4      | Noticed an ogre
  4383 | D:3      | Slain by a worker ant

Inventory:

Armour
 d - a +0 cloak (worn)
 g - a +0 buckler
 h - a +2 leather armour of magic resistance (worn)
 i - a +0 helmet (worn)
Scrolls
 a - 2 scrolls of fear {unknown}
 e - a scroll of random uselessness {unknown}
 f - 3 scrolls of identify {unknown}
 j - 5 scrolls of teleportation {unknown}
 k - a scroll of enchant weapon {unknown}
 l - a scroll of amnesia {unknown}
Books
 b - a book of Power

   Spells                             Type                      Level
   a - Fulminant Prism                Conjuration/Hexes            4
   b - Iskenderun's Mystic Blast      Conjuration                  4
   c - Venom Bolt                     Conjuration/Poison           5
   d - Bolt of Magma                  Conjuration/Fire/Earth       5
   e - Iron Shot                      Conjuration/Earth            6
   f - Orb of Destruction             Conjuration                  7
   g - Spellforged Servitor           Conjuration/Summoning        7
 c - a book of Minor Magic

   Spells                             Type                      Level
   a - Magic Dart                     Conjuration                  1
   b - Blink                          Translocation                2
   c - Call Imp                       Summoning                    2
   d - Repel Missiles                 Charms/Air                   2
   e - Slow                           Hexes                        2
   f - Conjure Flame                  Conjuration/Fire             3
   g - Mephitic Cloud                 Conjuration/Poison/Air       3

Table legend:
 A = Turns spent in this place as a percentage of turns spent in the entire game.
 B = Non-inter-level travel turns spent in this place as a percentage of non-inter-level travel turns spent in the entire game.
 C = Inter-level travel turns spent in this place as a percentage of turns spent in this place.
 D = Turns resting spent in this place as a percentage of non-inter-level travel turns spent in this place.
 E = Turns spent auto-exploring this place as a percentage of non-inter-level travel turns spent in this place.
 F = Non-inter-level travel turns spent in this place divided by the number of levels of this place that you've seen.
                   A       B       C       D       E      F
               +-------+-------+-------+-------+-------+----------------------
         Total | 100.0 | 100.0 |   0.5 |  11.1 |  10.4 | 248.8
       Dungeon | 100.0 | 100.0 |   0.5 |  11.1 |  10.4 | 248.8
               +-------+-------+-------+-------+-------+----------------------


   Skills:
 + Level 1.0 Armour
 - Level 1.5 Dodging
 - Level 1.5 Stealth
 + Level 0.0 Shields
 - Level 4.0 Spellcasting
 + Level 2.4 Conjurations
 - Level 1.0 Summonings
   Level 0.7 Translocations
 - Level 1.2 Fire Magic


You had one spell level left.
You knew the following spells:

 Your Spells              Type           Power        Failure   Level  Hunger
a - Magic Dart            Conj           ##..         10%         1    N/A
b - Call Imp              Summ           #.......     21%         2    N/A
c - Conjure Flame         Conj/Fire      ##......     34%         3    N/A
d - Mephitic Cloud        Conj/Pois/Air  #.......     50%         3    N/A
e - Repel Missiles        Chrm/Air       #.....       30%         2    N/A

Dungeon Overview and Level Annotations

Branches:
Dungeon (4/15)
 Temple: D:4-7

Altars:
Gozag
Xom


Innate Abilities, Weirdness & Mutations

You do not eat or drink.
Your flesh is vulnerable to fire.
Your flesh is cold resistant.
You are immune to negative energy.
Your system is resistant to poisons.
You are immune to unholy pain and torment.
You can survive without breathing.


Message History

Aim: a worker ant (heavily wounded)
The magic dart hits the worker ant.
The worker ant is severely wounded.
The worker ant misses you.
Casting: Magic Dart
Confirm with . or Enter, or press ? or * to list all spells.
You don't have enough magic to cast that spell.
You hit the worker ant but do no damage.
The worker ant is severely wounded.
The worker ant bites you.
You barely miss the worker ant.
The worker ant is severely wounded.
The worker ant barely misses you. x2
You closely miss the worker ant.
The worker ant is severely wounded.
The worker ant bites you but does no damage.
You closely miss the worker ant.
The worker ant is severely wounded.
The worker ant closely misses you.
You hit the worker ant but do no damage.
The worker ant is severely wounded.
The worker ant bites you.
You closely miss the worker ant.
The worker ant is severely wounded.
The worker ant bites you.
You barely miss the worker ant.
The worker ant is severely wounded.
The worker ant barely misses you. The worker ant bites you.
Casting: Magic Dart
Confirm with . or Enter, or press ? or * to list all spells.
Aiming: Magic Dart
Press: ? - help, Shift-Dir - straight line, f/p - worker ant
Aim: a worker ant (severely wounded)
The magic dart hits the worker ant.
The worker ant is severely wounded.
The worker ant closely misses you.
You barely miss the worker ant.
The worker ant is severely wounded.
The worker ant bites you!
You die...

#.# ###...#####!##.##.#
#'######.)...#
#.......#
....#........#
#.#######
†...'......#.## #.#
....#......#..# #.#
...........##.# #.#
...........##†####.####
...........##.#.#.#...#
...........#..<.@a....#
####.......##.#.#.#...#
...#.....!............#
##.########.#.#.#.#...#
#.# #...........# ##.#
###.#.#.#...# .#.#
#..........# )#.#
##.#.#.#...# <#.#
#.......####


You could see a worker ant.

Table legend:
 A = Kills in this place as a percentage of kills in entire the game.
 B = Kills by you in this place as a percentage of kills by you in the entire game.
 C = Kills by friends in this place as a percentage of kills by friends in the entire game.
 D = Other kills in this place as a percentage of other kills in the entire game.
 E = Experience gained in this place as a percentage of experience gained in the entire game.
 F = Experience gained in this place divided by the number of levels of this place that you have seen.
                   A       B       C       D       E      F
               +-------+-------+-------+-------+-------+----------------------
         Total | 100.0 | 100.0 | 100.0 | 100.0 | 100.0 |  55.5
       Dungeon | 100.0 | 100.0 | 100.0 | 100.0 | 100.0 |  55.5
               +-------+-------+-------+-------+-------+----------------------

Vanquished Creatures
  Natasha (thrice) (D:3)
  3 adders
  A worm (D:3)
  An ooze (D:1)
  3 orcs (D:3)
  9 bats
  4 giant cockroaches
  9 goblins
  8 hobgoblins
  4 jackals (D:3)
  3 kobolds
  2 quokkas
  2 ball pythons
  A giant gecko (D:3)
  2 giant newts
  9 rats
64 creatures vanquished.

Vanquished Creatures (collateral kills)
  2 adders
  A worm (D:3)
  3 orcs
  4 goblins (D:2)
10 creatures vanquished.

Vanquished Creatures (others)
  Robin (D:2)
1 creature vanquished.

Grand Total: 75 creatures vanquished

Action                   |  1- 3 |  4- 6 || total
-------------------------+-------+-------++-------
Melee: Unarmed           |   129 |    74 ||   203
 Cast: Magic Dart        |    54 |    72 ||   126
       Call Imp          |    11 |     3 ||    14
       Mephitic Cloud    |     3 |     9 ||    12
       Repel Missiles    |       |     1 ||     1
       Conjure Flame     |       |     1 ||     1
 Stab: Sleeping          |     1 |       ||     1
       Confused          |     4 |     2 ||     6
       Distracted        |     1 |       ||     1

Vault maps used:
D:1:      dpeg_arrival_shrine, minmay_stone_trees_small
D:2:      lemuel_coloured_pillars_altar, xom_redecorated, uniq_robin
D:3:      st_stairs_12, uniq_natasha
D:4:      kennysheep_mini_moat, st_stairs_10, grunt_dithmenos_smoke,
          uniq_menkaure
